 Dungeon Crawl Stone Soup version 0.19.1 (webtiles) character file.

1827 kae the Carver (level 9, -12/72 HPs)
             Began as a Formicid Fighter on Dec 13, 2016.
             Was a Follower of Makhleb.
             Mangled by a hornet (15 damage)
             ... on level 6 of the Dungeon.
             The game lasted 00:05:25 (5434 turns).

kae the Carver (Formicid Fighter)                   Turns: 5434, Time: 00:05:26

Health: -12/72     AC:  6    Str: 20 (23) XL:     9   Next: 32%
Magic:  9/9        EV:  9    Int: 11 (14) God:    Makhleb [*.....]
Gold:   289        SH: 10    Dex:  9 (10) Spells: 0 memorised, 8 levels left

rFire  . . .     SeeInvis +     x - +4 falchion (freeze)
rCold  . . .     Gourm    .     b - +0 scale mail
rNeg   . . .     Faith    .     c - +0 shield
rPois  .         Spirit   .     (helmet unavailable)
rElec  .         Reflect  .     (no cloak)
rCorr  .         Harm     .     (no gloves)
MR     .....                    (no boots)
Stlth  ..........               (no amulet)
                                (no ring)
                                o - ring of wizardry

@: brilliant
A: permanent stasis, dig shafts and tunnels, four strong arms, antennae 3
a: Dig, Shaft Self, Renounce Religion


You were on level 6 of the Dungeon.
You worshipped Makhleb.
Makhleb was aware of your devotion.
You were hungry.

You visited 2 branches of the dungeon, and saw 7 of its levels.

You collected 289 gold pieces.

Inventory:

Hand Weapons
 a - a +0 long sword
 h - a +5 falchion
 x - a +4 falchion of freezing (weapon)
Armour
 b - a +0 scale mail (worn)
 c - a +0 shield (worn)
Jewellery
 o - a ring of wizardry (left hand)
 q - an uncursed amulet of rage {unknown}
Wands
 d - a wand of slowing (27/48)
 r - a wand of iceblast (6/15)
 y - a wand of paralysis (18/24)
Scrolls
 e - 2 scrolls of identify
 g - a scroll of fog
 j - 2 scrolls of teleportation
 u - a scroll of remove curse
Potions
 p - 2 potions of haste
 w - a potion of ambrosia {unknown}
Books
 v - a book of Debilitation

   Spells                             Type                      Level
   a - Corona                         Hexes                        1
   b - Slow                           Hexes                        2
   c - Gell's Gravitas                Hexes/Translocation          3
   d - Inner Flame                    Hexes/Fire                   3
   e - Cause Fear                     Hexes                        4
   f - Leda's Liquefaction            Hexes/Earth                  4
Comestibles
 f - 7 bread rations
 k - 4 meat rations
 l - 2 slices of pizza
 z - a royal jelly


   Skills:
 + Level 7.0 Fighting
 * Level 8.4 Long Blades
 - Level 3.2 Armour
 + Level 7.8 Shields


You had 8 spell levels left.
You didn't know any spells.

Dungeon Overview and Level Annotations

Branches:
Dungeon (6/15)             Temple (1/1) D:4

Altars:
Ashenzari
Cheibriados
Dithmenos
Elyvilon
Fedhas
Gozag
Hepliaklqana
Kikubaaqudgha
Makhleb
Nemelex Xobeh
Okawaru
Qazlal
Ru
Sif Muna
Trog
Uskayaw
Vehumet
Xom
Yredelemnul

Shops:
D:4 }

Annotations:
D:6 4 runed doors


Innate Abilities, Weirdness & Mutations

You are under a permanent stasis effect.
You can dig through walls and to a lower floor.
Your four strong arms can wield two-handed weapons with a shield.
You have a pair of large antennae on your head. (SInv)


Message History

* * * LOW HITPOINT WARNING * * *
You are more poisoned.
Your stasis keeps you stable.
You feel better. You block the hornet's attack. x2
It was a potion of cure mutation.
It has a very clean taste.
The hornet stings you!
* * * LOW HITPOINT WARNING * * *
Your stasis keeps you stable.
It was a potion of berserk rage.
You cannot go berserk while under stasis.
The hornet barely misses you. The hornet stings you!
* * * LOW HITPOINT WARNING * * *
Your stasis keeps you stable.
You feel better. You block the hornet's attack.
It was a potion of brilliance.
You feel clever all of a sudden. The hornet stings you!
* * * LOW HITPOINT WARNING * * *
Your stasis keeps you stable.
The hornet stings you!
You die...

##................## ##.####.#
#..................# #.....#.#
...............###'# #'###...#
.........)....##...# ###.#.##..#
..............#.#.## #}##.#.#..#
..............#.##.# #..###.#..#
..............#.#(## ####..#.#..#
#.............#.###..##.##.#.#..#
#.............##@y..####....##..#
#.........##...######..######...#
...........#....................#
...........##........#####?....##
...........########### #######
...........# ...........#
.....>.)..## ..........##


You could see a hornet.

Vanquished Creatures
  The ghost of Uhlv the Basher, a novice OgBe of Trog (D:6)
  The ghost of Uhlv the Chopper, an amateur HOMo (D:4)
  An ogre (D:6)
  A centaur (D:4)
  A bullfrog (D:6)
  A howler monkey (D:6)
  5 wights (D:6)
  A crimson imp (D:5)
  A jelly (D:6)
  A hound (D:4)
  A bullfrog skeleton (D:6)
  An orc priest (D:6)
  Jessica (D:2)
  3 orc wizards
  Natasha (thrice) (D:4 D:6)
  2 iguanas
  A worker ant (D:4)
  A hound zombie (D:6)
  7 adders
  2 oozes
  An adder zombie (D:5)
  An adder skeleton (D:4)
  2 worms
  2 dart slugs (D:3)
  4 leopard geckos
  20 orcs
  7 bats
  2 giant cockroaches (D:1)
  7 goblins
  5 hobgoblins
  12 jackals
  A quokka (D:3)
  8 frilled lizards
  6 kobolds
  A leopard gecko skeleton (D:6)
  6 rats
121 creatures vanquished.

Notes
Turn   | Place    | Note
-------+----------+-------------------------------------------
     0 | D:1      | kae the Formicid Fighter began the quest for the Orb.
     0 | D:1      | Reached XP level 1. HP: 18/18 MP: 1/1
    80 | D:1      | Reached XP level 2. HP: 24/24 MP: 2/2
   367 | D:1      | Reached XP level 3. HP: 23/29 MP: 3/3
   629 | D:2      | Reached skill level 3 in Long Blades
   630 | D:2      | Found a faded altar of an unknown god.
   924 | D:2      | Reached XP level 4. HP: 25/37 MP: 4/4
  1052 | D:2      | Noticed Jessica
  1077 | D:2      | Killed Jessica
  1409 | D:3      | Reached XP level 5. HP: 32/42 MP: 5/5
  2058 | D:3      | Reached skill level 4 in Long Blades
  2235 | D:4      | Reached XP level 6. HP: 47/48 MP: 6/6
  2300 | D:4      | Noticed Uhlv's ghost (amateur HOMo)
  2323 | D:4      | Killed Uhlv's ghost
  2323 | D:4      | Reached skill level 5 in Long Blades
  2323 | D:4      | Reached skill level 5 in Shields
  2386 | D:4      | Noticed Natasha
  2402 | D:4      | Killed Natasha
  2402 | D:4      | Reached XP level 7. HP: 55/55 MP: 7/7
  2446 | D:4      | Noticed Natasha
  2478 | D:4      | Killed Natasha
  2729 | D:4      | Found Kilisy Tiddo's Gadget Shop.
  2732 | D:4      | Found a staircase to the Ecumenical Temple.
  2746 | Temple   | Entered the Ecumenical Temple
  2751 | Temple   | Became a worshipper of Makhleb the Destroyer
  2941 | D:4      | Reached skill level 5 in Fighting
  3284 | D:5      | Entered Level 5 of the Dungeon
  3378 | D:5      | Reached skill level 6 in Long Blades
  4028 | D:5      | Found a sparkling altar of Nemelex Xobeh.
  4333 | D:6      | Noticed Natasha
  4335 | D:6      | Noticed Uhlv's ghost (novice OgBe)
  4353 | D:6      | Killed Uhlv's ghost
  4353 | D:6      | Reached skill level 7 in Long Blades
  4353 | D:6      | Reached XP level 8. HP: 12/64 MP: 8/8
  4358 | D:6      | Killed Natasha
  4725 | D:6      | Reached XP level 9. HP: 48/71 MP: 9/9
  5090 | D:6      | Reached skill level 8 in Long Blades
  5163 | D:6      | Found a white marble altar of Elyvilon.
  5170 | D:6      | Found a sacrificial altar of Ru.
  5171 | D:6      | Found a stormy altar of Qazlal.
  5310 | D:6      | Found a large runed door.
  5310 | D:6      | Found a large runed door.
  5382 | D:6      | Found a large runed door.
  5382 | D:6      | Found a large runed door.
  5415 | D:6      | Noticed a hornet
  5416 | D:6      | Reached * piety under Makhleb
  5432 | D:6      | HP: 3/72 [hornet (12)]
  5434 | D:6      | Mangled by a hornet

Skill      XL: |  1  2  3  4  5  6  7  8  9 |
---------------+----------------------------+-----
Shields        | 4 5 7 |  7.8
Long Blades    | 3 4 5 7 8 |  8.4
Fighting       | 4 6 7 |  7.0
Armour         | |  3.2

Action                   |  1- 3 |  4- 6 |  7- 9 || total
-------------------------+-------+-------+-------++-------
Melee: Long sword        |   100 |   143 |   181 ||   424
       Falchion          |       |       |    76 ||    76
 Abil: Dig               |       |     3 |     2 ||     5
  Use: Scroll            |       |     9 |     3 ||    12
       Potion            |       |     3 |     9 ||    12
  Eat: Chunk             |       |     5 |     9 ||    14
       Beef jerky        |       |       |     1 ||     1
Armor: Scale mail        |    49 |    72 |    47 ||   168
Dodge: Dodged            |    20 |    59 |    56 ||   135
Block: Shield            |    59 |    79 |   123 ||   261
       Rpst.: Long sword |     8 |    20 |    11 ||    39
       Falchion          |       |       |     6 ||     6
